 Dungeon Crawl Stone Soup version 0.30-a0-166-g5d06c95188 (webtiles) character file.

Game seed: 6420302983732489033

21506 qw the Cleaver (level 12, -3/77 HPs)
             Began as a Gargoyle Fighter on Sept 28, 2022.
             Was a High Priest of Okawaru.
             Slain by a culicivora (16 damage)
             ... on level 2 of the Lair of Beasts.
             The game lasted 00:08:35 (15739 turns).

qw the Cleaver (Gargoyle Fighter)                  Turns: 15739, Time: 00:08:35

Health: -3/77      AC: 44    Str: 25    XL:     12   Next: 90%
Magic:  17/19      EV:  9    Int:  5    God:    Okawaru [*****.]
Gold:   1261       SH:  6    Dex:  9    Spells: 11/11 levels left

rFire   . . .      SeeInvis +    l - +3 war axe (elec)
rCold   + + .      Faith    .    o - +0 buckler {rC+}
rNeg    + + .      Spirit   .    y - +8 plate armour of the Dragonfruit {Will++}
rPois   inf        Reflect  .    q - +2 hat {Will+}
rElec   +          Harm     .    j - +0 cloak
rCorr   .          Rampage  .    b - +2 pair of gloves of the Orb Guardian {rElec rN+ Int-4}
Will    +++..                    (no boots)
Stlth   ..........               (no amulet)
HPRegen 0.22/turn                z - ring of Creativity {rPois rC+ SInv Stlth-}
MPRegen 0.16/turn                h - +4 ring of protection

@: heroic
A: sickness immunity, AC +8, negative energy resistance 1, electricity
resistance, torment resistance 1, petrification resistance
a: Renounce Religion, Heroism, Finesse, Duel


You were on level 2 of the Lair of Beasts.
You worshipped Okawaru.
Okawaru was extremely pleased with you.
You visited 3 branches of the dungeon, and saw 14 of its levels.

You collected 1261 gold pieces.


Innate Abilities, Weirdness & Mutations

You are immune to sickness and miasma.
Your stone body is resilient. (AC +8)
You are immune to poison.
You resist negative energy. (rN+)
You are resistant to electric shocks. (rElec)
You are resistant to unholy torment.
You are immune to petrification.


   Skills:
 - Level 10.0(15.0) Fighting
 + Level 12.4(17.4) Axes
 - Level 5.0(10.0) Throwing
 - Level 9.3(14.3) Armour
 - Level 2.1(7.1) Dodging
 - Level 6.0(11.0) Shields
 + Level 9.5 Invocations


You had 11 spell levels left.
You didn't know any spells.
Your spell library was empty.

Inventory:

Hand Weapons
 l - a +3 war axe of electrocution (weapon)
 C - a +1 demon whip of venom
Missiles
 e - 5 boomerangs
 t - 7 silver javelins (quivered)
 v - a javelin
 w - a silver boomerang
Armour
 b - the +2 pair of gloves of the Orb Guardian (worn) {rElec rN+ Int-4}
   (You acquired it on level 3 of the Dungeon)

   Int:       It affects your intelligence (-4).
   rElec:     It insulates you from electricity.
   rN:        It protects you from negative energy.
 j - a +0 cloak (worn)
 o - a +0 buckler of cold resistance (worn)
 q - a +2 hat of willpower (worn)
 s - a +0 kite shield
 u - a +1 helmet
 x - +0 acid dragon scales
 y - the +8 plate armour of the Dragonfruit (worn) {Will++}
   (You found it on level 11 of the Dungeon)

   Will:      It greatly increases your willpower.
Jewellery
 h - a +4 ring of protection (right hand)
 i - a ring of ice
 z - the ring of Creativity (left hand) {rPois rC+ SInv Stlth-}
   (You found it on level 11 of the Dungeon)

   [ring of poison resistance]

   rC:        It protects you from cold.
   rPois:     It protects you from poison.
   SInv:      It lets you see invisible.
   Stlth:     It makes you less stealthy.
 Y - a +4 ring of evasion
Scrolls
 g - 4 scrolls of teleportation
 p - a scroll of identify
Potions
 a - 5 potions of mutation
 c - a potion of attraction
 d - 4 potions of might
 f - 2 potions of curing
 k - a potion of magic
 m - 2 potions of haste
 n - a potion of cancellation
 r - 2 potions of heal wounds
 A - a potion of lignification {unknown}

Dungeon Overview and Level Annotations

Branches:
Dungeon (11/15)            Temple (1/1) D:7            Lair (2/5) D:11
 Shoals (0/4) Lair:2
  Snake: Lair:2-3    Spider: Lair:2-3       Orc: D:9-12

Altars:
Ashenzari
Cheibriados
Dithmenos
Elyvilon
Fedhas
Gozag
Hepliaklqana
Kikubaaqudgha
Makhleb
Nemelex Xobeh
Okawaru
Qazlal
Ru
Sif Muna
Trog
Uskayaw
Vehumet
Wu Jian
Xom
Yredelemnul
Zin
The Shining One

Shops:
D:11 :


Message History

You miss the culicivora.
The culicivora barely misses you. x2; The culicivora bites you!
You block the culicivora's attack.
The culicivora is healed somewhat.
15734 ||| INVOKING Heroism.
You gain the combat prowess of a mighty hero.
The culicivora bites you but does no damage.
The culicivora closely misses you.
The culicivora bites you but does no damage. x2
You closely miss the culicivora.
The culicivora is lightly wounded.
You slash the culicivora!
Lightning courses through the culicivora!
You slice the culicivora!!
The culicivora bites you but does no damage.
The culicivora bites you!
The culicivora bites you but does no damage.
You block the culicivora's attack.
You slash the culicivora!
Lightning courses through the culicivora!
You kill the culicivora!
Okawaru accepts your kill.
You hit the culicivora.
Lightning courses through the culicivora!
You closely miss the culicivora. The culicivora barely misses you.
The culicivora bites you.
You closely miss the culicivora.
The culicivora is almost dead.
You slash the culicivora!
The culicivora is healed somewhat.
The culicivora bites you but does no damage.
You barely miss the culicivora.
The culicivora is almost dead.
You closely miss the culicivora. The culicivora bites you!
The culicivora bites you but does no damage.
You miss the culicivora.
The culicivora is almost dead.
You miss the culicivora. The culicivora bites you! x2
You die...

#..... # .^ .. ....... ##. #.
%######..#...#. ....##s
.#...% ##....#. ..#.. ..#..
#.P #. ....#.#.# ## #.#.#.# #
.# #ss.# #.##+#.## ## #@%.#
........ ####P#######..(#
####.......
#..............####..........
#...##..#.###..#.............
#.#.#...#.........777........
#.#...##..##..#..7# #7.......
#.............#P.7 7...###.
##..#.)..####.#..7# #7...~.##
#...###### ###P..777..##.~~~


You could see 2 culicivoras.

Vanquished Creatures
  Gastronok (Lair:1)
  A catoblepas (Lair:2)
  A two-headed ogre (D:11)
  Nergalle (D:11)
  Urug (D:10)
  Amaemon (Lair:1)
  An ugly thing (D:11)
  A manticore (D:11)
  2 cane toads
  An unseen horror (D:11)
  An orange demon (Lair:1)
  Maggie (Lair:1)
  2 komodo dragons
  A rime drake (Lair:1)
  A kobold demonologist (D:6)
  3 trolls
  4 polar bears (Lair:1)
  4 merfolk (Lair:2)
  3 blink frogs (Lair:2)
  A wraith (D:11)
  Grum (D:10)
  2 culicivoras (Lair:2)
  2 wyverns (D:10)
  23 yaks
  3 steam dragons
  3 acid dragons
  Edmund (D:4)
  4 water moccasins
  5 orc warriors
  5 sky beasts
  4 ice beasts
  3 ogres
  14 wolves
  4 centaurs
  2 phantoms (D:5)
  6 kobold brigands
  10 bullfrogs
  A scorpion (D:4)
  15 wights
  A killer bee (D:8)
  5 electric eels (D:8)
  A howler monkey (D:6)
  3 hounds (D:5)
  4 orc priests
  A jelly (D:7)
  6 iguanas
  12 orc wizards
  6 adders
  3 gnolls (D:2)
  4 shadow imps
  2 ufetubi (D:4)
  4 dart slugs
  2 worms
  33 orcs
  5 ball pythons
  4 endoplasms
  A giant cockroach (D:4)
  5 hobgoblins
  2 jackals (D:1)
  5 quokkas
  7 bats
  3 frilled lizards
  4 goblins
  21 kobolds
  3 rats (D:2)
287 creatures vanquished.

Vanquished Creatures (others)
  6 fungi
  10 plants
16 creatures vanquished.

Grand Total: 303 creatures vanquished

Notes
Turn   | Place    | Note
-------+----------+-------------------------------------------
     0 | D:1      | qw the Gargoyle Fighter began the quest for the Orb.
     0 | D:1      | Reached XP level 1. HP: 14/14 MP: 1/1
     0 | D:1      | 0 ||| qw: Version: 0.2-a-12-gaebbb33
     0 | D:1      | 0 ||| qw: Game counter: 1005
     0 | D:1      | 0 ||| qw: Always use a shield: true
     0 | D:1      | 0 ||| qw: God list: Okawaru
     0 | D:1      | 0 ||| qw: Allow faded altars: false
     0 | D:1      | 0 ||| qw: Do Orc after D:15 true
     0 | D:1      | 0 ||| qw: Do second Lair branch before Depths: true
     0 | D:1      | 0 ||| qw: Lair rune preference: random
     0 | D:1      | 0 ||| qw: Plans: Normal, Zot:1-4, God:TSO, Crypt, Tomb,
                  | Pan, Slime:5, Hells, Abyss, Orb
     0 | D:1      | 0 ||| PLANNING D:1-11
    29 | D:1      | 29 ||| Stepping ~*~*~tactically~*~*~ (stealth).
    35 | D:1      | Reached skill level 2 in Axes
    59 | D:1      | 59 ||| Stepping ~*~*~tactically~*~*~ (hiding).
    61 | D:1      | 61 ||| Stepping ~*~*~tactically~*~*~ (hiding).
    62 | D:1      | 62 ||| Stepping ~*~*~tactically~*~*~ (hiding).
    68 | D:1      | Reached XP level 2. HP: 19/19 MP: 2/2
   284 | D:1      | Reached skill level 3 in Axes
   308 | D:1      | Reached XP level 3. HP: 23/23 MP: 3/3
   806 | D:1      | 806 ||| READING scroll labelled GIZEAG TIFUXTENA.
   807 | D:1      | 807 ||| READING scroll labelled WAT NUAMEFUE.
   908 | D:1      | 908 ||| READING scroll labelled XOPTAN CURRINWIF.
   909 | D:1      | 909 ||| READING scroll labelled RAIPIU ROOWAVU.
   964 | D:2      | Reached skill level 1 in Throwing
  1294 | D:2      | Found a faded altar of an unknown god.
  1305 | D:2      | Reached XP level 4. HP: 9/28 MP: 4/4
  1305 | D:2      | HP: 6/28 [gnoll/+0 club (3)]
  1344 | D:2      | 1344 ||| Stepping ~*~*~tactically~*~*~ (stealth).
  2104 | D:2      | 2104 ||| UPGRADING to +4 ring of evasion.
  2105 | D:2      | 2105 ||| READING scroll labelled REANWA RULAISM.
  2353 | D:3      | 2353 ||| Stepping ~*~*~tactically~*~*~ (stealth).
  2355 | D:3      | 2355 ||| Stepping ~*~*~tactically~*~*~ (stealth).
  2357 | D:3      | 2357 ||| Stepping ~*~*~tactically~*~*~ (stealth).
  2519 | D:3      | 2519 ||| DROPPING +0 whip.
  2528 | D:3      | Reached skill level 4 in Axes
  2857 | D:3      | 2857 ||| UPGRADING to +0 chain mail.
  2867 | D:3      | 2867 ||| DROPPING +0 scale mail.
  2868 | D:3      | 2868 ||| READING scroll labelled GOECOU KERPHAF.
  2868 | D:3      | Identified a scroll of acquirement
  2868 | D:3      | 2868 ||| ACQUIRING +2 pair of gloves of the Orb Guardian
                  | {rElec rN+ Int-4}
  2868 | D:3      | Acquired the +2 pair of gloves of the Orb Guardian {rElec
                  | rN+ Int-4}
  2870 | D:3      | 2870 ||| UPGRADING to +2 pair of gloves of the Orb Guardian
                  | {rElec rN+ Int-4}.
  2992 | D:4      | Noticed an ogre
  2998 | D:4      | Killed an ogre
  2999 | D:4      | Reached skill level 5 in Axes
  2999 | D:4      | Reached XP level 5. HP: 32/32 MP: 5/5
  3037 | D:4      | Reached XP level 6. HP: 38/38 MP: 6/6
  3053 | D:4      | 3053 ||| Stepping ~*~*~tactically~*~*~ (stealth).
  3231 | D:4      | 3231 ||| Stepping ~*~*~tactically~*~*~ (hiding).
  3481 | D:4      | Reached skill level 6 in Axes
  3481 | D:4      | Reached XP level 7. HP: 39/43 MP: 7/7
  3566 | D:4      | Noticed Edmund
  3587 | D:4      | Killed Edmund
  3588 | D:4      | Reached skill level 1 in Dodging
  3613 | D:4      | 3613 ||| FLEEEEING.
  3619 | D:4      | 3619 ||| FLEEEEING.
  3639 | D:4      | 3639 ||| FLEEEEING.
  3640 | D:4      | 3640 ||| FLEEEEING.
  3999 | D:4      | 3999 ||| READING scroll labelled PIUNOZ EBEL.
  4000 | D:4      | 4000 ||| DRINKING 2 puce potions.
  4001 | D:4      | 4001 ||| DROPPING potion of brilliance.
  4016 | D:5      | Entered Level 5 of the Dungeon
  4028 | D:5      | 4028 ||| Stepping ~*~*~tactically~*~*~ (stealth).
  4226 | D:5      | Reached skill level 7 in Axes
  4403 | D:5      | Reached XP level 8. HP: 49/49 MP: 8/8
  4529 | D:5      | HP: 12/49 [orc/+2 trident of flaming (1)]
  4911 | D:5      | Identified the +6 scale mail of the Moon Troll {rPois}
  5158 | D:5      | 5158 ||| UPGRADING to +0 helmet.
  5163 | D:5      | 5163 ||| UPGRADING to +6 scale mail of the Moon Troll
                  | {rPois}.
  5173 | D:5      | 5173 ||| DROPPING +0 chain mail.
  5174 | D:5      | 5174 ||| READING scroll labelled NIYWETUAHOI.
  5175 | D:5      | 5175 ||| DRINKING 2 ruby potions.
  5247 | D:6      | Reached skill level 8 in Axes
  5362 | D:6      | Noticed a yak
  5362 | D:6      | Noticed a troll
  5372 | D:6      | Killed a yak
  5373 | D:6      | Reached skill level 6 in Fighting
  5373 | D:6      | 5373 ||| READING scroll labelled KOYFIE XIACEONK.
  5476 | D:6      | 5476 ||| READING scroll of enchant armour.
  5476 | D:6      | 5476 ||| ENCHANTING +0 helmet.
  5491 | D:6      | Noticed a kobold demonologist
  5492 | D:6      | 5492 ||| DRINKING 2 bubbling orange potions.
  5493 | D:6      | 5493 ||| READING 3 scrolls of identify.
  5493 | D:6      | 5493 ||| IDENTIFYING lumpy blue potion
  5494 | D:6      | 5494 ||| READING 2 scrolls of identify.
  5494 | D:6      | 5494 ||| IDENTIFYING viscous inky potion
  5495 | D:6      | 5495 ||| DROPPING potion of flight.
  5496 | D:6      | 5496 ||| Stepping randomly (stuck).
  5498 | D:6      | 5498 ||| Stepping randomly (stuck).
  5499 | D:6      | 5499 ||| Stepping randomly (stuck).
  5501 | D:6      | 5501 ||| Stepping randomly (stuck).
  5502 | D:6      | 5502 ||| Stepping randomly (stuck).
  5503 | D:6      | 5503 ||| Stepping randomly (stuck).
  5504 | D:6      | 5504 ||| Stepping randomly (stuck).
  5506 | D:6      | 5506 ||| Stepping randomly (stuck).
  5507 | D:6      | 5507 ||| Stepping randomly (stuck).
  5508 | D:6      | 5508 ||| Stepping randomly (stuck).
  5509 | D:6      | 5509 ||| Stepping randomly (stuck).
  5510 | D:6      | 5510 ||| Stepping randomly (stuck).
  5511 | D:6      | 5511 ||| Stepping randomly (stuck).
  5512 | D:6      | 5512 ||| Stepping randomly (stuck).
  5513 | D:6      | 5513 ||| Stepping randomly (stuck).
  5514 | D:6      | 5514 ||| Stepping randomly (stuck).
  5515 | D:6      | 5515 ||| Stepping randomly (stuck).
  5516 | D:6      | 5516 ||| Stepping randomly (stuck).
  5525 | D:6      | Killed a kobold demonologist
  5526 | D:6      | Reached skill level 9 in Axes
  5526 | D:6      | Reached XP level 9. HP: 53/56 MP: 9/9
  5538 | D:6      | 5538 ||| Stepping randomly (stuck).
  5575 | D:6      | 5575 ||| Stepping randomly (stuck).
  5576 | D:6      | 5576 ||| Stepping randomly (stuck).
  5577 | D:6      | 5577 ||| Stepping randomly (stuck).
  5578 | D:6      | 5578 ||| Stepping randomly (stuck).
  5579 | D:6      | 5579 ||| Stepping randomly (stuck).
  5580 | D:6      | 5580 ||| Stepping randomly (stuck).
  5581 | D:6      | 5581 ||| Stepping randomly (stuck).
  5582 | D:6      | 5582 ||| Stepping randomly (stuck).
  5583 | D:6      | 5583 ||| Stepping randomly (stuck).
  5585 | D:6      | 5585 ||| Stepping randomly (stuck).
  5586 | D:6      | 5586 ||| Stepping randomly (stuck).
  5587 | D:6      | 5587 ||| Stepping randomly (stuck).
  5588 | D:6      | 5588 ||| Stepping randomly (stuck).
  5589 | D:6      | 5589 ||| Stepping randomly (stuck).
  5590 | D:6      | 5590 ||| Stepping randomly (stuck).
  5591 | D:6      | 5591 ||| Stepping randomly (stuck).
  5592 | D:6      | 5592 ||| Stepping randomly (stuck).
  5593 | D:6      | 5593 ||| Stepping randomly (stuck).
  5595 | D:6      | 5595 ||| Stepping randomly (stuck).
  5597 | D:6      | 5597 ||| Stepping randomly (stuck).
  5598 | D:6      | 5598 ||| Stepping randomly (stuck).
  5599 | D:6      | 5599 ||| Stepping randomly (stuck).
  5600 | D:6      | 5600 ||| Stepping randomly (stuck).
  5601 | D:6      | 5601 ||| Stepping randomly (stuck).
  5602 | D:6      | 5602 ||| Stepping randomly (stuck).
  5603 | D:6      | 5603 ||| Stepping randomly (stuck).
  5604 | D:6      | 5604 ||| Stepping randomly (stuck).
  5605 | D:6      | 5605 ||| Stepping randomly (stuck).
  5606 | D:6      | 5606 ||| Stepping randomly (stuck).
  5607 | D:6      | 5607 ||| Stepping randomly (stuck).
  5608 | D:6      | 5608 ||| Stepping randomly (stuck).
  5609 | D:6      | 5609 ||| Stepping randomly (stuck).
  5610 | D:6      | 5610 ||| Stepping randomly (stuck).
  5611 | D:6      | 5611 ||| Stepping randomly (stuck).
  5612 | D:6      | 5612 ||| Stepping randomly (stuck).
  5613 | D:6      | 5613 ||| Stepping randomly (stuck).
  5614 | D:6      | 5614 ||| Stepping randomly (stuck).
  5615 | D:6      | 5615 ||| Stepping randomly (stuck).
  5616 | D:6      | 5616 ||| Stepping randomly (stuck).
  5617 | D:6      | 5617 ||| Stepping randomly (stuck).
  5618 | D:6      | 5618 ||| Stepping randomly (stuck).
  5619 | D:6      | 5619 ||| Stepping randomly (stuck).
  5620 | D:6      | 5620 ||| Stepping randomly (stuck).
  5621 | D:6      | 5621 ||| Stepping randomly (stuck).
  5622 | D:6      | 5622 ||| Stepping randomly (stuck).
  5623 | D:6      | 5623 ||| Stepping randomly (stuck).
  5624 | D:6      | 5624 ||| Stepping randomly (stuck).
  5625 | D:6      | 5625 ||| Stepping randomly (stuck).
  5626 | D:6      | 5626 ||| Stepping randomly (stuck).
  5627 | D:6      | 5627 ||| Stepping randomly (stuck).
  5628 | D:6      | 5628 ||| Stepping randomly (stuck).
  5629 | D:6      | 5629 ||| Stepping randomly (stuck).
  5630 | D:6      | 5630 ||| Stepping randomly (stuck).
  5631 | D:6      | 5631 ||| Stepping randomly (stuck).
  5632 | D:6      | 5632 ||| Stepping randomly (stuck).
  5633 | D:6      | 5633 ||| Stepping randomly (stuck).
  5634 | D:6      | 5634 ||| Stepping randomly (stuck).
  5635 | D:6      | 5635 ||| Stepping randomly (stuck).
  5636 | D:6      | 5636 ||| Stepping randomly (stuck).
  5637 | D:6      | 5637 ||| Stepping randomly (stuck).
  5638 | D:6      | 5638 ||| Stepping randomly (stuck).
  5639 | D:6      | 5639 ||| Stepping randomly (stuck).
  5640 | D:6      | 5640 ||| Stepping randomly (stuck).
  5641 | D:6      | 5641 ||| Stepping randomly (stuck).
  5642 | D:6      | 5642 ||| Stepping randomly (stuck).
  5643 | D:6      | 5643 ||| Stepping randomly (stuck).
  5644 | D:6      | 5644 ||| Stepping randomly (stuck).
  5645 | D:6      | 5645 ||| Stepping randomly (stuck).
  5646 | D:6      | 5646 ||| Stepping randomly (stuck).
  5647 | D:6      | 5647 ||| Stepping randomly (stuck).
  5648 | D:6      | 5648 ||| Stepping randomly (stuck).
  5649 | D:6      | 5649 ||| Stepping randomly (stuck).
  5650 | D:6      | 5650 ||| Stepping randomly (stuck).
  5651 | D:6      | 5651 ||| Stepping randomly (stuck).
  5652 | D:6      | 5652 ||| Stepping randomly (stuck).
  5653 | D:6      | 5653 ||| Stepping randomly (stuck).
  5654 | D:6      | 5654 ||| Stepping randomly (stuck).
  5655 | D:6      | 5655 ||| Stepping randomly (stuck).
  5656 | D:6      | 5656 ||| Stepping randomly (stuck).
  5657 | D:6      | 5657 ||| Stepping randomly (stuck).
  5658 | D:6      | 5658 ||| Stepping randomly (stuck).
  5659 | D:6      | 5659 ||| Stepping randomly (stuck).
  5660 | D:6      | 5660 ||| Stepping randomly (stuck).
  5661 | D:6      | 5661 ||| Stepping randomly (stuck).
  5662 | D:6      | 5662 ||| Stepping randomly (stuck).
  5663 | D:6      | 5663 ||| Stepping randomly (stuck).
  5664 | D:6      | 5664 ||| Stepping randomly (stuck).
  5665 | D:6      | 5665 ||| Stepping randomly (stuck).
  5666 | D:6      | 5666 ||| Stepping randomly (stuck).
  5667 | D:6      | 5667 ||| Stepping randomly (stuck).
  5668 | D:6      | 5668 ||| Stepping randomly (stuck).
  5669 | D:6      | 5669 ||| Stepping randomly (stuck).
  5670 | D:6      | 5670 ||| Stepping randomly (stuck).
  5671 | D:6      | 5671 ||| Stepping randomly (stuck).
  5672 | D:6      | 5672 ||| Stepping randomly (stuck).
  5673 | D:6      | 5673 ||| Stepping randomly (stuck).
  5674 | D:6      | 5674 ||| Stepping randomly (stuck).
  5675 | D:6      | 5675 ||| Stepping randomly (stuck).
  5676 | D:6      | 5676 ||| Stepping randomly (stuck).
  5677 | D:6      | 5677 ||| Stepping randomly (stuck).
  5678 | D:6      | 5678 ||| Stepping randomly (stuck).
  5679 | D:6      | 5679 ||| Stepping randomly (stuck).
  5680 | D:6      | 5680 ||| Stepping randomly (stuck).
  5681 | D:6      | 5681 ||| Stepping randomly (stuck).
  5682 | D:6      | 5682 ||| Stepping randomly (stuck).
  5683 | D:6      | 5683 ||| Stepping randomly (stuck).
  5684 | D:6      | 5684 ||| Stepping randomly (stuck).
  5685 | D:6      | 5685 ||| Stepping randomly (stuck).
  5686 | D:6      | 5686 ||| Stepping randomly (stuck).
  5687 | D:6      | 5687 ||| Stepping randomly (stuck).
  5688 | D:6      | 5688 ||| Stepping randomly (stuck).
  5689 | D:6      | 5689 ||| Stepping randomly (stuck).
  5690 | D:6      | 5690 ||| Stepping randomly (stuck).
  5691 | D:6      | 5691 ||| Stepping randomly (stuck).
  5692 | D:6      | 5692 ||| Stepping randomly (stuck).
  5694 | D:6      | 5694 ||| Stepping randomly (stuck).
  5695 | D:6      | 5695 ||| Stepping randomly (stuck).
  5697 | D:6      | 5697 ||| Stepping randomly (stuck).
  5698 | D:6      | 5698 ||| Stepping randomly (stuck).
  5699 | D:6      | 5699 ||| Stepping randomly (stuck).
  5700 | D:6      | 5700 ||| Stepping randomly (stuck).
  5701 | D:6      | 5701 ||| Stepping randomly (stuck).
  5702 | D:6      | 5702 ||| Stepping randomly (stuck).
  5703 | D:6      | 5703 ||| Stepping randomly (stuck).
  5704 | D:6      | 5704 ||| Stepping randomly (stuck).
  5705 | D:6      | 5705 ||| Stepping randomly (stuck).
  5706 | D:6      | 5706 ||| Stepping randomly (stuck).
  5707 | D:6      | 5707 ||| Stepping randomly (stuck).
  5708 | D:6      | 5708 ||| Stepping randomly (stuck).
  5709 | D:6      | 5709 ||| Stepping randomly (stuck).
  5710 | D:6      | 5710 ||| Stepping randomly (stuck).
  5711 | D:6      | 5711 ||| Stepping randomly (stuck).
  5712 | D:6      | 5712 ||| Stepping randomly (stuck).
  5713 | D:6      | 5713 ||| Stepping randomly (stuck).
  5714 | D:6      | 5714 ||| Stepping randomly (stuck).
  5715 | D:6      | 5715 ||| Stepping randomly (stuck).
  5716 | D:6      | 5716 ||| Stepping randomly (stuck).
  5717 | D:6      | 5717 ||| Stepping randomly (stuck).
  5719 | D:6      | 5719 ||| Stepping randomly (stuck).
  5721 | D:6      | 5721 ||| Stepping randomly (stuck).
  5722 | D:6      | 5722 ||| Stepping randomly (stuck).
  5723 | D:6      | 5723 ||| Stepping randomly (stuck).
  5724 | D:6      | 5724 ||| Stepping randomly (stuck).
  5725 | D:6      | 5725 ||| Stepping randomly (stuck).
  5726 | D:6      | 5726 ||| Stepping randomly (stuck).
  5727 | D:6      | 5727 ||| Stepping randomly (stuck).
  5728 | D:6      | 5728 ||| Stepping randomly (stuck).
  5729 | D:6      | 5729 ||| Stepping randomly (stuck).
  5730 | D:6      | 5730 ||| Stepping randomly (stuck).
  5732 | D:6      | 5732 ||| Stepping randomly (stuck).
  5733 | D:6      | 5733 ||| Stepping randomly (stuck).
  5734 | D:6      | 5734 ||| Stepping randomly (stuck).
  5735 | D:6      | 5735 ||| Stepping randomly (stuck).
  5736 | D:6      | 5736 ||| Stepping randomly (stuck).
  5737 | D:6      | 5737 ||| Stepping randomly (stuck).
  5738 | D:6      | 5738 ||| Stepping randomly (stuck).
  5739 | D:6      | 5739 ||| Stepping randomly (stuck).
  5740 | D:6      | 5740 ||| Stepping randomly (stuck).
  5741 | D:6      | 5741 ||| Stepping randomly (stuck).
  5742 | D:6      | 5742 ||| Stepping randomly (stuck).
  5743 | D:6      | 5743 ||| Stepping randomly (stuck).
  5744 | D:6      | 5744 ||| Stepping randomly (stuck).
  5745 | D:6      | 5745 ||| Stepping randomly (stuck).
  5746 | D:6      | 5746 ||| Stepping randomly (stuck).
  5747 | D:6      | 5747 ||| Stepping randomly (stuck).
  5748 | D:6      | 5748 ||| Stepping randomly (stuck).
  5749 | D:6      | 5749 ||| Stepping randomly (stuck).
  5750 | D:6      | 5750 ||| Stepping randomly (stuck).
  5751 | D:6      | 5751 ||| Stepping randomly (stuck).
  5752 | D:6      | 5752 ||| Stepping randomly (stuck).
  5753 | D:6      | 5753 ||| Stepping randomly (stuck).
  5754 | D:6      | 5754 ||| Stepping randomly (stuck).
  5756 | D:6      | 5756 ||| Stepping randomly (stuck).
  5757 | D:6      | 5757 ||| Stepping randomly (stuck).
  5758 | D:6      | 5758 ||| Stepping randomly (stuck).
  5759 | D:6      | 5759 ||| Stepping randomly (stuck).
  5760 | D:6      | 5760 ||| Stepping randomly (stuck).
  5761 | D:6      | 5761 ||| Stepping randomly (stuck).
  5762 | D:6      | 5762 ||| Stepping randomly (stuck).
  5763 | D:6      | 5763 ||| Stepping randomly (stuck).
  5764 | D:6      | 5764 ||| Stepping randomly (stuck).
  5765 | D:6      | 5765 ||| Stepping randomly (stuck).
  5766 | D:6      | 5766 ||| Stepping randomly (stuck).
  5767 | D:6      | 5767 ||| Stepping randomly (stuck).
  5768 | D:6      | 5768 ||| Stepping randomly (stuck).
  5769 | D:6      | 5769 ||| Stepping randomly (stuck).
  5770 | D:6      | 5770 ||| Stepping randomly (stuck).
  5771 | D:6      | 5771 ||| Stepping randomly (stuck).
  5772 | D:6      | 5772 ||| Stepping randomly (stuck).
  5774 | D:6      | 5774 ||| Stepping randomly (stuck).
  5776 | D:6      | 5776 ||| Stepping randomly (stuck).
  5777 | D:6      | 5777 ||| Stepping randomly (stuck).
  5778 | D:6      | 5778 ||| Stepping randomly (stuck).
  5779 | D:6      | 5779 ||| Stepping randomly (stuck).
  5780 | D:6      | 5780 ||| Stepping randomly (stuck).
  5781 | D:6      | 5781 ||| Stepping randomly (stuck).
  5782 | D:6      | 5782 ||| Stepping randomly (stuck).
  5783 | D:6      | 5783 ||| Stepping randomly (stuck).
  5784 | D:6      | 5784 ||| Stepping randomly (stuck).
  5785 | D:6      | 5785 ||| Stepping randomly (stuck).
  5786 | D:6      | 5786 ||| Stepping randomly (stuck).
  5787 | D:6      | 5787 ||| Stepping randomly (stuck).
  5789 | D:6      | 5789 ||| Stepping randomly (stuck).
  5790 | D:6      | 5790 ||| Stepping randomly (stuck).
  5791 | D:6      | 5791 ||| Stepping randomly (stuck).
  5792 | D:6      | 5792 ||| Stepping randomly (stuck).
  5793 | D:6      | 5793 ||| Stepping randomly (stuck).
  5795 | D:6      | 5795 ||| Stepping randomly (stuck).
  5796 | D:6      | 5796 ||| Stepping randomly (stuck).
  5797 | D:6      | 5797 ||| Stepping randomly (stuck).
  5798 | D:6      | 5798 ||| Stepping randomly (stuck).
  5799 | D:6      | 5799 ||| Stepping randomly (stuck).
  5800 | D:6      | 5800 ||| Stepping randomly (stuck).
  5801 | D:6      | 5801 ||| Stepping randomly (stuck).
  5802 | D:6      | 5802 ||| Stepping randomly (stuck).
  5803 | D:6      | 5803 ||| Stepping randomly (stuck).
  5804 | D:6      | 5804 ||| Stepping randomly (stuck).
  5805 | D:6      | 5805 ||| Stepping randomly (stuck).
  5806 | D:6      | 5806 ||| Stepping randomly (stuck).
  5807 | D:6      | 5807 ||| Stepping randomly (stuck).
  5808 | D:6      | 5808 ||| Stepping randomly (stuck).
  5809 | D:6      | 5809 ||| Stepping randomly (stuck).
  5811 | D:6      | 5811 ||| Stepping randomly (stuck).
  5812 | D:6      | 5812 ||| Stepping randomly (stuck).
  5813 | D:6      | 5813 ||| Stepping randomly (stuck).
  5814 | D:6      | 5814 ||| Stepping randomly (stuck).
  5815 | D:6      | 5815 ||| Stepping randomly (stuck).
  5816 | D:6      | 5816 ||| Stepping randomly (stuck).
  5818 | D:6      | 5818 ||| Stepping randomly (stuck).
  5819 | D:6      | 5819 ||| Stepping randomly (stuck).
  5820 | D:6      | 5820 ||| Stepping randomly (stuck).
  5821 | D:6      | 5821 ||| Stepping randomly (stuck).
  5822 | D:6      | 5822 ||| Stepping randomly (stuck).
  5824 | D:6      | 5824 ||| Stepping randomly (stuck).
  5825 | D:6      | 5825 ||| Stepping randomly (stuck).
  5826 | D:6      | 5826 ||| Stepping randomly (stuck).
  5827 | D:6      | 5827 ||| Stepping randomly (stuck).
  5828 | D:6      | 5828 ||| Stepping randomly (stuck).
  5829 | D:6      | 5829 ||| Stepping randomly (stuck).
  5830 | D:6      | 5830 ||| Stepping randomly (stuck).
  5831 | D:6      | 5831 ||| Stepping randomly (stuck).
  5832 | D:6      | 5832 ||| Stepping randomly (stuck).
  5833 | D:6      | 5833 ||| Stepping randomly (stuck).
  5835 | D:6      | 5835 ||| Stepping randomly (stuck).
  5836 | D:6      | 5836 ||| Stepping randomly (stuck).
  5837 | D:6      | 5837 ||| Stepping randomly (stuck).
  5838 | D:6      | 5838 ||| Stepping randomly (stuck).
  5839 | D:6      | 5839 ||| Stepping randomly (stuck).
  5841 | D:6      | 5841 ||| Stepping randomly (stuck).
  5842 | D:6      | 5842 ||| Stepping randomly (stuck).
  5843 | D:6      | 5843 ||| Stepping randomly (stuck).
  5845 | D:6      | 5845 ||| Stepping randomly (stuck).
  5846 | D:6      | 5846 ||| Stepping randomly (stuck).
  5847 | D:6      | 5847 ||| Stepping randomly (stuck).
  5848 | D:6      | 5848 ||| Stepping randomly (stuck).
  5849 | D:6      | 5849 ||| Stepping randomly (stuck).
  5850 | D:6      | 5850 ||| Stepping randomly (stuck).
  5851 | D:6      | 5851 ||| Stepping randomly (stuck).
  5852 | D:6      | 5852 ||| Stepping randomly (stuck).
  5853 | D:6      | 5853 ||| Stepping randomly (stuck).
  5854 | D:6      | 5854 ||| Stepping randomly (stuck).
  5855 | D:6      | 5855 ||| Stepping randomly (stuck).
  5856 | D:6      | 5856 ||| Stepping randomly (stuck).
  5857 | D:6      | 5857 ||| Stepping randomly (stuck).
  5858 | D:6      | 5858 ||| Stepping randomly (stuck).
  5859 | D:6      | 5859 ||| Stepping randomly (stuck).
  5860 | D:6      | 5860 ||| Stepping randomly (stuck).
  5861 | D:6      | 5861 ||| Stepping randomly (stuck).
  5862 | D:6      | 5862 ||| Stepping randomly (stuck).
  5864 | D:6      | 5864 ||| Stepping randomly (stuck).
  5865 | D:6      | 5865 ||| Stepping randomly (stuck).
  5866 | D:6      | 5866 ||| Stepping randomly (stuck).
  5867 | D:6      | 5867 ||| Stepping randomly (stuck).
  5868 | D:6      | 5868 ||| Stepping randomly (stuck).
  5870 | D:6      | 5870 ||| Stepping randomly (stuck).
  5871 | D:6      | 5871 ||| Stepping randomly (stuck).
  5872 | D:6      | 5872 ||| Stepping randomly (stuck).
  5873 | D:6      | 5873 ||| Stepping randomly (stuck).
  5874 | D:6      | 5874 ||| Stepping randomly (stuck).
  5875 | D:6      | 5875 ||| Stepping randomly (stuck).
  5876 | D:6      | 5876 ||| Stepping randomly (stuck).
  5877 | D:6      | 5877 ||| Stepping randomly (stuck).
  5878 | D:6      | 5878 ||| Stepping randomly (stuck).
  5879 | D:6      | 5879 ||| Stepping randomly (stuck).
  5880 | D:6      | 5880 ||| Stepping randomly (stuck).
  5881 | D:6      | 5881 ||| Stepping randomly (stuck).
  5882 | D:6      | 5882 ||| Stepping randomly (stuck).
  5883 | D:6      | 5883 ||| Stepping randomly (stuck).
  5884 | D:6      | 5884 ||| Stepping randomly (stuck).
  5885 | D:6      | 5885 ||| Stepping randomly (stuck).
  5886 | D:6      | 5886 ||| Stepping randomly (stuck).
  5887 | D:6      | 5887 ||| Stepping randomly (stuck).
  5888 | D:6      | 5888 ||| Stepping randomly (stuck).
  5889 | D:6      | 5889 ||| Stepping randomly (stuck).
  5890 | D:6      | 5890 ||| Stepping randomly (stuck).
  5891 | D:6      | 5891 ||| Stepping randomly (stuck).
  5892 | D:6      | 5892 ||| Stepping randomly (stuck).
  5893 | D:6      | 5893 ||| Stepping randomly (stuck).
  5894 | D:6      | 5894 ||| Stepping randomly (stuck).
  5895 | D:6      | 5895 ||| Stepping randomly (stuck).
  5896 | D:6      | 5896 ||| Stepping randomly (stuck).
  5897 | D:6      | 5897 ||| Stepping randomly (stuck).
  5898 | D:6      | 5898 ||| Stepping randomly (stuck).
  5899 | D:6      | 5899 ||| Stepping randomly (stuck).
  5900 | D:6      | 5900 ||| Stepping randomly (stuck).
  5901 | D:6      | 5901 ||| Stepping randomly (stuck).
  5902 | D:6      | 5902 ||| Stepping randomly (stuck).
  5903 | D:6      | 5903 ||| Stepping randomly (stuck).
  5904 | D:6      | 5904 ||| Stepping randomly (stuck).
  5905 | D:6      | 5905 ||| Stepping randomly (stuck).
  5906 | D:6      | 5906 ||| Stepping randomly (stuck).
  5907 | D:6      | 5907 ||| Stepping randomly (stuck).
  5908 | D:6      | 5908 ||| Stepping randomly (stuck).
  5909 | D:6      | 5909 ||| Stepping randomly (stuck).
  5910 | D:6      | 5910 ||| Stepping randomly (stuck).
  5912 | D:6      | 5912 ||| Stepping randomly (stuck).
  5913 | D:6      | 5913 ||| Stepping randomly (stuck).
  5914 | D:6      | 5914 ||| Stepping randomly (stuck).
  5916 | D:6      | 5916 ||| Stepping randomly (stuck).
  5917 | D:6      | 5917 ||| Stepping randomly (stuck).
  5919 | D:6      | 5919 ||| Stepping randomly (stuck).
  5920 | D:6      | 5920 ||| Stepping randomly (stuck).
  5921 | D:6      | 5921 ||| Stepping randomly (stuck).
  5922 | D:6      | 5922 ||| Stepping randomly (stuck).
  5924 | D:6      | 5924 ||| Stepping randomly (stuck).
  5926 | D:6      | 5926 ||| Stepping randomly (stuck).
  5927 | D:6      | 5927 ||| Stepping randomly (stuck).
  5929 | D:6      | 5929 ||| Stepping randomly (stuck).
  5931 | D:6      | 5931 ||| Stepping randomly (stuck).
  5932 | D:6      | 5932 ||| Stepping randomly (stuck).
  5933 | D:6      | 5933 ||| Stepping randomly (stuck).
  5934 | D:6      | 5934 ||| Stepping randomly (stuck).
  5936 | D:6      | 5936 ||| Stepping randomly (stuck).
  5937 | D:6      | 5937 ||| Stepping randomly (stuck).
  5938 | D:6      | 5938 ||| Stepping randomly (stuck).
  5939 | D:6      | 5939 ||| Stepping randomly (stuck).
  5940 | D:6      | 5940 ||| Stepping randomly (stuck).
  5941 | D:6      | 5941 ||| Stepping randomly (stuck).
  5942 | D:6      | 5942 ||| Stepping randomly (stuck).
  5943 | D:6      | 5943 ||| Stepping randomly (stuck).
  5944 | D:6      | 5944 ||| Stepping randomly (stuck).
  5945 | D:6      | 5945 ||| Stepping randomly (stuck).
  5946 | D:6      | 5946 ||| Stepping randomly (stuck).
  5947 | D:6      | 5947 ||| Stepping randomly (stuck).
  5949 | D:6      | 5949 ||| Stepping randomly (stuck).
  5950 | D:6      | 5950 ||| Stepping randomly (stuck).
  5951 | D:6      | 5951 ||| Stepping randomly (stuck).
  5952 | D:6      | 5952 ||| Stepping randomly (stuck).
  5953 | D:6      | 5953 ||| Stepping randomly (stuck).
  5954 | D:6      | 5954 ||| Stepping randomly (stuck).
  5955 | D:6      | 5955 ||| Stepping randomly (stuck).
  5956 | D:6      | 5956 ||| Stepping randomly (stuck).
  5957 | D:6      | 5957 ||| Stepping randomly (stuck).
  5958 | D:6      | 5958 ||| Stepping randomly (stuck).
  5959 | D:6      | 5959 ||| Stepping randomly (stuck).
  5960 | D:6      | 5960 ||| Stepping randomly (stuck).
  5961 | D:6      | 5961 ||| Stepping randomly (stuck).
  5962 | D:6      | 5962 ||| Stepping randomly (stuck).
  5963 | D:6      | 5963 ||| Stepping randomly (stuck).
  5964 | D:6      | 5964 ||| Stepping randomly (stuck).
  5965 | D:6      | 5965 ||| Stepping randomly (stuck).
  5966 | D:6      | 5966 ||| Stepping randomly (stuck).
  5967 | D:6      | 5967 ||| Stepping randomly (stuck).
  5968 | D:6      | 5968 ||| Stepping randomly (stuck).
  5969 | D:6      | 5969 ||| Stepping randomly (stuck).
  5970 | D:6      | 5970 ||| Stepping randomly (stuck).
  5971 | D:6      | 5971 ||| Stepping randomly (stuck).
  5972 | D:6      | 5972 ||| Stepping randomly (stuck).
  5973 | D:6      | 5973 ||| Stepping randomly (stuck).
  5974 | D:6      | 5974 ||| Stepping randomly (stuck).
  5975 | D:6      | 5975 ||| Stepping randomly (stuck).
  5976 | D:6      | 5976 ||| Stepping randomly (stuck).
  5977 | D:6      | 5977 ||| Stepping randomly (stuck).
  5978 | D:6      | 5978 ||| Stepping randomly (stuck).
  5979 | D:6      | 5979 ||| Stepping randomly (stuck).
  5980 | D:6      | 5980 ||| Stepping randomly (stuck).
  5981 | D:6      | 5981 ||| Stepping randomly (stuck).
  5982 | D:6      | 5982 ||| Stepping randomly (stuck).
  5983 | D:6      | 5983 ||| Stepping randomly (stuck).
  5984 | D:6      | 5984 ||| Stepping randomly (stuck).
  5985 | D:6      | 5985 ||| Stepping randomly (stuck).
  5986 | D:6      | 5986 ||| Stepping randomly (stuck).
  5987 | D:6      | 5987 ||| Stepping randomly (stuck).
  5988 | D:6      | 5988 ||| Stepping randomly (stuck).
  5989 | D:6      | 5989 ||| Stepping randomly (stuck).
  5990 | D:6      | 5990 ||| Stepping randomly (stuck).
  5991 | D:6      | 5991 ||| Stepping randomly (stuck).
  5993 | D:6      | 5993 ||| Stepping randomly (stuck).
  5994 | D:6      | 5994 ||| Stepping randomly (stuck).
  5995 | D:6      | 5995 ||| Stepping randomly (stuck).
  5996 | D:6      | 5996 ||| Stepping randomly (stuck).
  5997 | D:6      | 5997 ||| Stepping randomly (stuck).
  5998 | D:6      | 5998 ||| Stepping randomly (stuck).
  5999 | D:6      | 5999 ||| Stepping randomly (stuck).
  6001 | D:6      | 6001 ||| Stepping randomly (stuck).
  6003 | D:6      | 6003 ||| Stepping randomly (stuck).
  6004 | D:6      | 6004 ||| Stepping randomly (stuck).
  6005 | D:6      | 6005 ||| Stepping randomly (stuck).
  6006 | D:6      | 6006 ||| Stepping randomly (stuck).
  6008 | D:6      | 6008 ||| Stepping randomly (stuck).
  6009 | D:6      | 6009 ||| Stepping randomly (stuck).
  6010 | D:6      | 6010 ||| Stepping randomly (stuck).
  6011 | D:6      | 6011 ||| Stepping randomly (stuck).
  6012 | D:6      | 6012 ||| Stepping randomly (stuck).
  6014 | D:6      | 6014 ||| Stepping randomly (stuck).
  6015 | D:6      | 6015 ||| Stepping randomly (stuck).
  6016 | D:6      | 6016 ||| Stepping randomly (stuck).
  6017 | D:6      | 6017 ||| Stepping randomly (stuck).
  6018 | D:6      | 6018 ||| Stepping randomly (stuck).
  6019 | D:6      | 6019 ||| Stepping randomly (stuck).
  6020 | D:6      | 6020 ||| Stepping randomly (stuck).
  6021 | D:6      | 6021 ||| Stepping randomly (stuck).
  6022 | D:6      | 6022 ||| Stepping randomly (stuck).
  6023 | D:6      | 6023 ||| Stepping randomly (stuck).
  6024 | D:6      | 6024 ||| Stepping randomly (stuck).
  6025 | D:6      | 6025 ||| Stepping randomly (stuck).
  6026 | D:6      | 6026 ||| Stepping randomly (stuck).
  6027 | D:6      | 6027 ||| Stepping randomly (stuck).
  6028 | D:6      | 6028 ||| Stepping randomly (stuck).
  6030 | D:6      | 6030 ||| Stepping randomly (stuck).
  6031 | D:6      | 6031 ||| Stepping randomly (stuck).
  6032 | D:6      | 6032 ||| Stepping randomly (stuck).
  6033 | D:6      | 6033 ||| Stepping randomly (stuck).
  6034 | D:6      | 6034 ||| Stepping randomly (stuck).
  6035 | D:6      | 6035 ||| Stepping randomly (stuck).
  6036 | D:6      | 6036 ||| Stepping randomly (stuck).
  6037 | D:6      | 6037 ||| Stepping randomly (stuck).
  6038 | D:6      | 6038 ||| Stepping randomly (stuck).
  6039 | D:6      | 6039 ||| Stepping randomly (stuck).
  6040 | D:6      | 6040 ||| Stepping randomly (stuck).
  6041 | D:6      | 6041 ||| Stepping randomly (stuck).
  6042 | D:6      | 6042 ||| Stepping randomly (stuck).
  6044 | D:6      | 6044 ||| Stepping randomly (stuck).
  6045 | D:6      | 6045 ||| Stepping randomly (stuck).
  6046 | D:6      | 6046 ||| Stepping randomly (stuck).
  6047 | D:6      | 6047 ||| Stepping randomly (stuck).
  6048 | D:6      | 6048 ||| Stepping randomly (stuck).
  6050 | D:6      | 6050 ||| Stepping randomly (stuck).
  6051 | D:6      | 6051 ||| Stepping randomly (stuck).
  6052 | D:6      | 6052 ||| Stepping randomly (stuck).
  6054 | D:6      | 6054 ||| Stepping randomly (stuck).
  6055 | D:6      | 6055 ||| Stepping randomly (stuck).
  6056 | D:6      | 6056 ||| Stepping ~*~*~tactically~*~*~ (hiding).
  6173 | D:6      | Found an ornate altar of the Wu Jian Council.
  6237 | D:6      | Killed a troll
  6781 | D:6      | 6781 ||| DRINKING 2 coppery potions.
  6885 | D:6      | 6885 ||| DRINKING 2 inky potions.
  6886 | D:6      | 6886 ||| DROPPING potion of berserk rage.
  6939 | D:7      | 6939 ||| DRINKING 2 potions of curing.
  6939 | D:7      | 6939 ||| (to cure confusion)
  7075 | D:7      | Found a staircase to the Ecumenical Temple.
  7076 | D:7      | 7076 ||| PLANNING TEMPLE
  7077 | D:7      | 7077 ||| Stepping ~*~*~tactically~*~*~ (stealth).
  7079 | D:7      | 7079 ||| Stepping ~*~*~tactically~*~*~ (hiding).
  7081 | D:7      | 7081 ||| Stepping ~*~*~tactically~*~*~ (hiding).
  7191 | Temple   | Entered the Ecumenical Temple
  7192 | Temple   | 7192 ||| PLANNING OKAWARU WORSHIP
  7373 | Temple   | Became a worshipper of Warmaster Okawaru
  7374 | Temple   | 7374 ||| PLANNING D:1-11
  7444 | D:7      | 7444 ||| SWAPPING to +3 war axe of electrocution.
  7445 | D:7      | 7445 ||| DROPPING +1 war axe.
  7708 | D:7      | Reached skill level 10 in Axes
  7862 | D:7      | 7862 ||| Stepping ~*~*~tactically~*~*~ (stealth).
  7864 | D:7      | 7864 ||| Stepping ~*~*~tactically~*~*~ (stealth).
  7869 | D:7      | 7869 ||| Stepping ~*~*~tactically~*~*~ (stealth).
  7870 | D:7      | 7870 ||| Stepping ~*~*~tactically~*~*~ (stealth).
  7980 | D:7      | 7980 ||| Stepping ~*~*~tactically~*~*~ (hiding).
  8102 | D:7      | 8102 ||| READING scroll labelled BAKKEI YSTREA.
  8103 | D:7      | 8103 ||| READING 2 scrolls of identify.
  8103 | D:7      | 8103 ||| IDENTIFYING glowing green potion
  8132 | D:8      | 8132 ||| STAIRDANCE
  8138 | D:8      | 8138 ||| STAIRDANCE
  8219 | D:8      | 8219 ||| STAIRDANCE
  8283 | D:8      | Reached XP level 10. HP: 64/64 MP: 10/10
  8287 | D:8      | 8287 ||| Stepping ~*~*~tactically~*~*~ (hiding).
  8288 | D:8      | 8288 ||| Stepping ~*~*~tactically~*~*~ (hiding).
  8295 | D:8      | Reached * piety under Okawaru
  8431 | D:8      | HP: 16/64 [electric eel/bolt of electricity (2)]
  8432 | D:8      | 8432 ||| FLEEEEING.
  8433 | D:8      | 8433 ||| FLEEEEING.
  8434 | D:8      | 8434 ||| FLEEEEING.
  8435 | D:8      | 8435 ||| FLEEEEING.
  8436 | D:8      | 8436 ||| FLEEEEING.
  8436 | D:8      | HP: 10/64 [electric eel/bolt of electricity (3)]
  8437 | D:8      | 8437 ||| FLEEEEING.
  8438 | D:8      | 8438 ||| FLEEEEING.
  8730 | D:8      | 8730 ||| INVOKING Heroism.
  8731 | D:8      | 8731 ||| INVOKING Heroism.
  8743 | D:8      | 8743 ||| INVOKING Heroism.
  8745 | D:8      | Reached skill level 3 in Throwing
  9195 | D:8      | 9195 ||| INVOKING Heroism.
  9332 | D:8      | Reached skill level 1 in Invocations
  9372 | D:8      | 9372 ||| INVOKING Heroism.
  9414 | D:8      | 9414 ||| Stepping ~*~*~tactically~*~*~ (hiding).
  9415 | D:8      | 9415 ||| Stepping ~*~*~tactically~*~*~ (hiding).
  9418 | D:8      | 9418 ||| INVOKING Heroism.
  9487 | D:8      | 9487 ||| INVOKING Heroism.
  9492 | D:8      | Reached skill level 3 in Invocations
  9497 | D:8      | 9497 ||| UPGRADING to +4 ring of protection.
  9509 | D:8      | Reached skill level 11 in Axes
  9565 | D:8      | 9565 ||| Stepping ~*~*~tactically~*~*~ (hiding).
  9677 | D:8      | 9677 ||| INVOKING Heroism.
  9684 | D:8      | Reached ** piety under Okawaru
 10249 | D:8      | 10249 ||| UPGRADING to +0 plate armour.
 10259 | D:8      | 10259 ||| DROPPING +6 scale mail of the Moon Troll {rPois}.
 10260 | D:8      | 10260 ||| READING scroll labelled ZIELLI MEAC.
 10261 | D:8      | 10261 ||| READING scroll labelled IZONABBARR.
 10415 | D:9      | 10415 ||| Stepping ~*~*~tactically~*~*~ (hiding).
 10666 | D:9      | 10666 ||| Stepping ~*~*~tactically~*~*~ (stealth).
 10668 | D:9      | 10668 ||| Stepping ~*~*~tactically~*~*~ (hiding).
 11297 | D:9      | 11297 ||| UPGRADING to +0 buckler of cold resistance.
 11307 | D:9      | 11307 ||| DROPPING +0 buckler.
 11308 | D:9      | 11308 ||| DROPPING amulet of guardian spirit.
 11309 | D:9      | 11309 ||| READING 4 scrolls of identify.
 11309 | D:9      | 11309 ||| IDENTIFYING fuming purple potion
 11310 | D:9      | 11310 ||| READING 3 scrolls of identify.
 11310 | D:9      | 11310 ||| IDENTIFYING fuming green potion
 11311 | D:9      | 11311 ||| READING 2 scrolls of identify.
 11311 | D:9      | 11311 ||| IDENTIFYING sapphire potion
 11312 | D:9      | 11312 ||| DROPPING potion of invisibility.
 11313 | D:9      | 11313 ||| DROPPING potion of ambrosia.
 11354 | D:10     | Entered Level 10 of the Dungeon
 11405 | D:10     | Noticed Grum
 11406 | D:10     | 11406 ||| INVOKING Heroism.
 11412 | D:10     | Reached skill level 6 in Armour
 11422 | D:10     | Reached XP level 11. HP: 35/69 MP: 12/14
 11423 | D:10     | 11423 ||| DRINKING 3 potions of curing.
 11423 | D:10     | 11423 ||| (to cure confusion)
 11429 | D:10     | Killed Grum
 11432 | D:10     | 11432 ||| DRINKING 2 potions of curing.
 11432 | D:10     | 11432 ||| (to cure confusion)
 11628 | D:10     | 11628 ||| Stepping ~*~*~tactically~*~*~ (hiding).
 11631 | D:10     | 11631 ||| INVOKING Heroism.
 11639 | D:10     | Reached skill level 9 in Fighting
 11639 | D:10     | 11639 ||| Stepping ~*~*~tactically~*~*~ (cloud).
 11667 | D:10     | Noticed Urug
 11668 | D:10     | 11668 ||| INVOKING Heroism.
 11678 | D:10     | Killed Urug
 11808 | D:10     | 11808 ||| Stepping ~*~*~tactically~*~*~ (stealth).
 11811 | D:10     | 11811 ||| INVOKING Heroism.
 11825 | D:10     | Reached *** piety under Okawaru
 11832 | D:10     | 11832 ||| Stepping ~*~*~tactically~*~*~ (stealth).
 11833 | D:10     | 11833 ||| Stepping ~*~*~tactically~*~*~ (stealth).
 11834 | D:10     | 11834 ||| FLEEEEING.
 11835 | D:10     | 11835 ||| FLEEEEING.
 11836 | D:10     | 11836 ||| FLEEEEING.
 11837 | D:10     | 11837 ||| FLEEEEING.
 11838 | D:10     | 11838 ||| FLEEEEING.
 11839 | D:10     | 11839 ||| FLEEEEING.
 11841 | D:10     | 11841 ||| FLEEEEING.
 11842 | D:10     | 11842 ||| FLEEEEING.
 11843 | D:10     | 11843 ||| FLEEEEING.
 11844 | D:10     | 11844 ||| FLEEEEING.
 11845 | D:10     | 11845 ||| FLEEEEING.
 11846 | D:10     | 11846 ||| FLEEEEING.
 11847 | D:10     | 11847 ||| FLEEEEING.
 11848 | D:10     | 11848 ||| FLEEEEING.
 11849 | D:10     | 11849 ||| FLEEEEING.
 11850 | D:10     | 11850 ||| FLEEEEING.
 11851 | D:10     | 11851 ||| FLEEEEING.
 11863 | D:10     | 11863 ||| FLEEEEING.
 11864 | D:10     | 11864 ||| FLEEEEING.
 11865 | D:10     | 11865 ||| FLEEEEING.
 11866 | D:10     | 11866 ||| FLEEEEING.
 11867 | D:10     | 11867 ||| FLEEEEING.
 11868 | D:10     | 11868 ||| FLEEEEING.
 11871 | D:10     | 11871 ||| STAIRDANCE
 11960 | D:10     | 11960 ||| STAIRDANCE
 11967 | D:10     | 11967 ||| STAIRDANCE
 12149 | D:10     | Received a gift from Okawaru
 12424 | D:10     | 12424 ||| DROPPING orb of energy.
 12469 | D:11     | Noticed Nergalle
 12469 | D:11     | Noticed a purple ugly thing
 12470 | D:11     | Noticed a spectral orc warlord
 12470 | D:11     | 12470 ||| INVOKING Heroism.
 12487 | D:11     | Killed a purple ugly thing
 12504 | D:11     | 12504 ||| INVOKING Heroism.
 12505 | D:11     | Killed Nergalle
 12719 | D:11     | 12719 ||| Stepping ~*~*~tactically~*~*~ (stealth).
 12721 | D:11     | 12721 ||| Stepping ~*~*~tactically~*~*~ (hiding).
 12727 | D:11     | 12727 ||| DRINKING 3 potions of curing.
 12727 | D:11     | 12727 ||| (to cure confusion)
 12754 | D:11     | 12754 ||| INVOKING Heroism.
 12776 | D:11     | Found a staircase to the Lair.
 12840 | D:11     | 12840 ||| Stepping ~*~*~tactically~*~*~ (stealth).
 12844 | D:11     | 12844 ||| Stepping ~*~*~tactically~*~*~ (stealth).
 12852 | D:11     | 12852 ||| INVOKING Heroism.
 13013 | D:11     | Noticed a manticore
 13014 | D:11     | 13014 ||| Stepping ~*~*~tactically~*~*~ (hiding).
 13018 | D:11     | 13018 ||| INVOKING Heroism.
 13023 | D:11     | Killed a manticore
 13260 | D:11     | Noticed a two-headed ogre
 13261 | D:11     | 13261 ||| INVOKING Heroism.
 13269 | D:11     | Killed a two-headed ogre
 13269 | D:11     | Reached **** piety under Okawaru
 13270 | D:11     | Reached skill level 12 in Axes
 13290 | D:11     | 13290 ||| INVOKING Heroism.
 13397 | D:11     | Identified the +8 plate armour of the Dragonfruit {Will++}
 13401 | D:11     | 13401 ||| INVOKING Heroism.
 13553 | D:11     | Identified the ring of Creativity {rPois rC+ SInv Stlth-}
 13579 | D:11     | Found Eciuwk's Tremendous Tomes.
 13686 | D:11     | 13686 ||| PLANNING LAIR
 13686 | D:11     | 13686 ||| UPGRADING to +0 cloak.
 13691 | D:11     | 13691 ||| UPGRADING to +8 plate armour of the Dragonfruit
                  | {Will++}.
 13701 | D:11     | 13701 ||| DROPPING +0 plate armour.
 13702 | D:11     | 13702 ||| UPGRADING to ring of Creativity {rPois rC+ SInv
                  | Stlth-}.
 13704 | D:11     | 13704 ||| READING 2 scrolls of identify.
 13704 | D:11     | 13704 ||| IDENTIFYING golden potion
 13717 | Lair:1   | Entered Level 1 of the Lair of Beasts
 13723 | Lair:1   | 13723 ||| INVOKING Heroism.
 13729 | Lair:1   | 13729 ||| Stepping ~*~*~tactically~*~*~ (stealth).
 13799 | Lair:1   | 13799 ||| Stepping ~*~*~tactically~*~*~ (stealth).
 13801 | Lair:1   | 13801 ||| Stepping ~*~*~tactically~*~*~ (stealth).
 13803 | Lair:1   | 13803 ||| Stepping ~*~*~tactically~*~*~ (stealth).
 13810 | Lair:1   | Received a gift from Okawaru
 13813 | Lair:1   | 13813 ||| INVOKING Heroism.
 13835 | Lair:1   | Reached XP level 12. HP: 76/76 MP: 14/16
 13886 | Lair:1   | Noticed Gastronok
 13887 | Lair:1   | 13887 ||| INVOKING Heroism.
 13906 | Lair:1   | Killed Gastronok
 13907 | Lair:1   | Reached skill level 9 in Armour
 13907 | Lair:1   | Reached skill level 6 in Invocations
 14111 | Lair:1   | 14111 ||| Stepping ~*~*~tactically~*~*~ (hiding).
 14112 | Lair:1   | 14112 ||| Stepping ~*~*~tactically~*~*~ (hiding).
 14178 | Lair:1   | 14178 ||| Stepping ~*~*~tactically~*~*~ (stealth).
 14181 | Lair:1   | 14181 ||| Stepping ~*~*~tactically~*~*~ (stealth).
 14189 | Lair:1   | 14189 ||| Stepping ~*~*~tactically~*~*~ (stealth).
 14193 | Lair:1   | 14193 ||| INVOKING Heroism.
 14207 | Lair:1   | Noticed Maggie
 14221 | Lair:1   | Killed Maggie
 14221 | Lair:1   | Reached ***** piety under Okawaru
 14222 | Lair:1   | Reached skill level 6 in Shields
 14385 | Lair:1   | 14385 ||| INVOKING Heroism.
 14633 | Lair:1   | Noticed Amaemon
 14634 | Lair:1   | 14634 ||| INVOKING Heroism.
 14648 | Lair:1   | Killed Amaemon
 14694 | Lair:1   | 14694 ||| DROPPING +0 morningstar.
 15031 | Lair:1   | 15031 ||| UPGRADING to +2 hat of willpower.
 15041 | Lair:1   | 15041 ||| DROPPING ring of willpower.
 15042 | Lair:1   | 15042 ||| DROPPING +6 ring of strength.
 15043 | Lair:1   | 15043 ||| DRINKING 2 yellow potions.
 15044 | Lair:1   | 15044 ||| DROPPING potion of degeneration.
 15068 | Lair:2   | 15068 ||| INVOKING Heroism.
 15071 | Lair:2   | 15071 ||| STAIRDANCE
 15168 | Lair:2   | Noticed a catoblepas
 15169 | Lair:2   | 15169 ||| INVOKING Heroism.
 15171 | Lair:2   | 15171 ||| INVOKING Finesse.
 15185 | Lair:2   | Killed a catoblepas
 15273 | Lair:2   | 15273 ||| Stepping ~*~*~tactically~*~*~ (stealth).
 15275 | Lair:2   | 15275 ||| INVOKING Heroism.
 15309 | Lair:2   | Found a shimmering altar of Xom.
 15333 | Lair:2   | 15333 ||| INVOKING Heroism.
 15461 | Lair:2   | Found a staircase to the Shoals.
 15475 | Lair:2   | 15475 ||| INVOKING Heroism.
 15480 | Lair:2   | Reached skill level 9 in Invocations
 15558 | Lair:2   | 15558 ||| Stepping ~*~*~tactically~*~*~ (water).
 15698 | Lair:2   | 15698 ||| Stepping ~*~*~tactically~*~*~ (stealth).
 15699 | Lair:2   | 15699 ||| Stepping ~*~*~tactically~*~*~ (stealth).
 15730 | Lair:2   | 15730 ||| Stepping ~*~*~tactically~*~*~ (hiding).
 15734 | Lair:2   | 15734 ||| INVOKING Heroism.
 15739 | Lair:2   | HP: 13/77 [culicivora (11)]
 15739 | Lair:2   | Slain by a culicivora

Levels and vault maps discovered:
D:1:      erik_arrival_cave_to_civilisation [erik_arrival_cave_to_hall],
          layout_loops_ring
D:2:      layout_loops_corners, ebering_ecumenical_altar_rust,
          wander_ebering_terrifying_dragon_lair
D:3:      layout_loops_corners
D:4:      layout_basic, uniq_edmund
D:5:      layout_gridville
D:6:      layout_cave_pods, nzn_wu_jian_council_hall, kb_rosetta
D:7:      layout_cave_pods, minmay_temple_entry_wispy
D:8:      minmay_polygon_palace, layout_basic, chequers_big_river
D:9:      layout_gridville, serial_bayou_crossing
D:10:     layout_cave_pods, uniq_grum, uniq_urug
D:11:     layout_irregular_city, lair_entry_dummy,
          nicolae_shop_i_like_big_books, uniq_nergalle
Temple:   nicolae_temple_bog_church
Lair:1:   layout_roguey, portal_ice_cave_entry_pillars_1,
          cheibrodos_lair_lostbears, uniq_maggie, uniq_gastronok, uniq_amaemon
Lair:2:   layout_roguey, elwin_shoals_entry_stream,
          hellmonk_spider_entry_life_and_decay, basic_altar,
          minmay_stone_trees_small

Skill      XL: |  1  2  3  4  5  6  7  8  9 10 11 12 |
---------------+-------------------------------------+-----
Axes           | 2 3 5 6 7 9 10 11 12 | 12.4
Throwing       | 1 2 3 4 5 |  5.0
Fighting       | 4 5 6 7 8 9 10 | 10.0
Dodging        | 1 2 |  2.1
Shields        | 4 5 6 |  6.0
Armour         | 4 6 8 9 |  9.3
Invocations    | 4 5 9 |  9.5

Action                   |  1- 3 |  4- 6 |  7- 9 | 10-12 || total
-------------------------+-------+-------+-------+-------++-------
Melee: War axe           |    64 |    92 |   271 |   531 ||   958
Throw: Javelin           |    17 |    23 |    18 |    67 ||   125
       Boomerang         |       |     9 |    51 |    15 ||    75
Invok: Heroism           |       |       |       |    31 ||    31
       Finesse           |       |       |       |     1 ||     1
  Use: Scroll            |     4 |     2 |     8 |     6 ||    20
       Potion            |       |       |     6 |     4 ||    10
Armor: Scale mail        |    31 |    12 |    63 |    62 ||   168
       Chain mail        |       |    41 |   100 |       ||   141
       Plate armour      |       |       |       |   239 ||   239
Dodge: Dodged            |    31 |    39 |   137 |   228 ||   435
Block: Buckler           |     5 |    21 |    53 |    96 ||   175

Table legend:
 A = Non-vault XP
 B = Vault XP
 C = Vault XP percentage of total XP
 D = Non-vault monster count
 E = Vault monster count
 F = Vault count percentage of total count
                 A         B        C        D         E       F
            +---------+---------+-------+---------+---------+-------
      Total |   19469 |   11254 |  36.6 |     240 |      47 |  16.4
            +---------+---------+-------+---------+---------+-------
        D:1 |      37 |       5 |  11.9 |      19 |       2 |   9.5
        D:2 |      71 |       1 |   1.4 |      14 |       1 |   6.7
        D:3 |      14 |       0 |   0.0 |       8 |       0 |   0.0
        D:4 |     522 |     153 |  22.7 |      25 |       1 |   3.8
        D:5 |     872 |       0 |   0.0 |      28 |       0 |   0.0
        D:6 |     548 |     909 |  62.4 |       8 |       4 |  33.3
        D:7 |    1286 |       0 |   0.0 |      27 |       0 |   0.0
        D:8 |    1371 |    2171 |  61.3 |      21 |      18 |  46.2
        D:9 |     714 |       0 |   0.0 |      10 |       0 |   0.0
       D:10 |    1707 |    1461 |  46.1 |      15 |       6 |  28.6
       D:11 |    3448 |     792 |  18.7 |      24 |       1 |   4.0
     Lair:1 |    4221 |    4161 |  49.6 |      19 |       8 |  29.6
     Lair:2 |    4658 |    1601 |  25.6 |      22 |       6 |  21.4
            +---------+---------+-------+---------+---------+-------
